 Dungeon Crawl Stone Soup version bcrawl-1.40.3b (webtiles) character file.

Game seed: 14178980362358499433

165433 yrara the Cudgeler (level 5, 0/41 HPs)
             Began as a Demonspawn Fighter on Mar 13, 2024.
             Succumbed to a kobold's poison
             ... on level 3 of the Dungeon.
             The game lasted 00:02:25 (2022 turns).

yrara the Cudgeler (Demonspawn Fighter)             Turns: 2022, Time: 00:02:26

Health: 0/41       AC:  8    Str: 16    XL:     5   Next: 14%
Magic:  5/5        EV:  9    Int: 10    God:
Gold:   152        SH:  0    Dex: 13    Spells: 4/4 levels left

rFire    + + .     GDR:     28% a - +1 flail
rCold    + . .     SeeInvis .   (no shield)
rNeg     . . .     Gourm    .   b - +0 scale mail
rPois    +         Faith    .   (no helmet)
rElec    +         Spirit   .   g - +0 cloak
rCorr    +         Reflect  .   (no gloves)
MR       .....                  (no boots)
Stlth    ..........             (no amulet)
HPRegen  0.16/turn              (no ring)
MPRegen  0.09/turn              (no ring)

@: lethally poisoned (0 -> -1), resistant
A: claws 1, fire resistance 1, powered by death 1
a: no special abilities


You were on level 3 of the Dungeon.
You were not hungry.

You visited 1 branch of the dungeon, and saw 3 of its levels.

You collected 152 gold pieces.

Inventory:

Hand Weapons
 a - a +1 flail (weapon)
Missiles
 h - 417 arrows
Armour
 b - a +0 scale mail (worn)
 c - a +0 medium shield
 g - a +0 cloak (worn)
Jewellery
 k - the ring "Dedai" {Ice +Inv}
   (You found it on level 1 of the Dungeon)

   [ring of ice]

   It enhances your ice magic.
   It makes you vulnerable to fire.
   It protects you from cold.
   It lets you turn invisible.
Scrolls
 j - a scroll of remove curse
Potions
 d - a potion of mutation
Comestibles
 e - 7 rations {!d}


   Skills:
 + Level 3.4 Fighting
 * Level 3.8 Maces & Flails
 + Level 3.5 Armour
 + Level 0.4 Dodging
 - Level 2.6 Shields


You had 4 spell levels left.
You didn't know any spells.
Your spell library was empty.

Dungeon Overview and Level Annotations

Branches:
Dungeon (3/12)

Altars:
Nemelex Xobeh
Uskayaw


Innate Abilities, Weirdness & Mutations

You have sharp fingernails.
Your flesh is heat resistant. (rF+)
You regenerate a little health from kills.


Message History

You feel sick.
An orc comes into view.
* * * LOW HITPOINT WARNING * * *
You feel sick.
Found a stone staircase leading down.
An orc comes into view. It is wielding a +0 mace.
* * * LOW HITPOINT WARNING * * *
You feel sick.
The orc shouts!
An orc comes into view. It is wielding a +0 dagger.
You are lethally poisoned (2 -> 0).
You resist elements.
Your movement speed is average.
Your attack speed is below average.
Okay, then.
* * * LOW HITPOINT WARNING * * *
You feel sick.
An orc comes into view. It is wielding a +0 flail.
The orc hits you but does no damage. The orc hits you but does no damage.
The orc hits you but does no damage. x2
You die...

.....# .# #.##.# .# #.##.#
#.# ≈ ..##.######.#
#######≈≈≈≈ #.##........#
#.......≈≈≈
#.##..####.#.###.####..≈≈≈
......# #.###..o.o.# ≈≈≈
#.##### ##.#.###.#....≈. o
..# ##.## #@####o.. .)#
#.# #......## #.## #.#
######## ...# #.# ...# #o#
.).# # #.. ...##.... ...
.......# ..> ..)......


You could see 2 orcs.

Vanquished Creatures
  8 gnolls
  An ooze (D:2)
  A worm (D:2)
  3 dart slugs
  3 orcs
  4 bats (D:1)
  5 giant cockroaches
  6 goblins
  3 hobgoblins
  4 jackals
  2 quokkas
  A ball python (D:3)
  7 frilled lizards
  11 kobolds
  3 rats
62 creatures vanquished.

Notes
Turn   | Place    | Note
-------+----------+-------------------------------------------
     0 | D:1      | yrara the Demonspawn Fighter began the quest for the Orb.
     0 | D:1      | Reached XP level 1. HP: 18/18 MP: 1/1
   185 | D:1      | Gained mutation: Your flesh is heat resistant. (rF+)
                  | [demonic ancestry]
   185 | D:1      | Reached XP level 2. HP: 20/24 MP: 2/2
   278 | D:1      | Got a vibrating lead ring
   279 | D:1      | Identified the cursed ring "Dedai" {Ice +Inv} (You found it
                  | on level 1 of the Dungeon)
   618 | D:2      | Reached XP level 3. HP: 29/29 MP: 3/3
   732 | D:2      | Found a sparkling altar of Nemelex Xobeh.
   878 | D:2      | Gained mutation: You have sharp fingernails. [demonic
                  | ancestry]
   878 | D:2      | Reached XP level 4. HP: 18/35 MP: 4/4
  1638 | D:2      | Gained mutation: You regenerate a little health from kills.
                  | [demonic ancestry]
  1638 | D:2      | Reached XP level 5. HP: 15/41 MP: 5/5
  1910 | D:2      | Found a hide-covered altar of Uskayaw.
  2008 | D:3      | HP: 2/41 [poisoned by a kobold]
  2014 | D:3      | HP: 1/41 [poisoned by a kobold]
  2022 | D:3      | Succumbed to a kobold's poison

Skill      XL: |  1  2  3 |
---------------+----------+-----
Maces & Flails | 2 3 |  3.8
Armour         | 3 |  3.5
Fighting       | |  3.4
Dodging        | |  0.4
Shields        | |  2.6

Action                   |  1- 3 |  4- 6 || total
-------------------------+-------+-------++-------
Melee: Flail             |   116 |    83 ||   199
  Use: Scroll            |     4 |     1 ||     5
       Potion            |     1 |     1 ||     2
  Eat: Chunk             |     3 |     7 ||    10
Armor: Scale mail        |    67 |    49 ||   116
Dodge: Dodged            |    68 |    55 ||   123
